 Dungeon Sprint DCSS version 0.24.1-8-ga250c9d538 (webtiles) character file.

Game seed: 17152783151571954389, levelgen mode: deterministic

1002 Doot the Eclecticist (level 8, -5/42 HPs)
             Began as a Deep Elf Wizard on Apr 29, 2020.
             Was a Believer of Vehumet.
             Slain by a shadow (8 damage)
             ... in the Dungeon (Sprint III: "The Ten Rune Challenge").
             The game lasted 00:02:59 (915 turns).

Doot the Eclecticist (Deep Elf Wizard)               Turns: 915, Time: 00:03:00

Health: -5/42      AC:  3    Str:  4    XL:     8   Next: 0%
Magic:  24/30      EV: 16    Int: 26    God:    Vehumet [**....]
Gold:   30         SH:  0    Dex: 13    Spells: 29/40 levels left

rFire    . . .     SeeInvis .   c - +3 quarterstaff (chaos)
rCold    . . .     Gourm    .   (shield currently unavailable)
rNeg     . . .     Faith    .   a - +0 robe
rPois    .         Spirit   .   b - +0 hat
rElec    .         Reflect  .   k - +0 cloak
rCorr    .         Harm     .   (no gloves)
MR       .....     NoTele   +   (no boots)
Stlth    +++.......             (no amulet)
HPRegen  0.14/turn              (no ring)
MPRegen  0.22/turn              (no ring)

@: no status effects
A: no striking features
a: Renounce Religion


You were in the Dungeon.
You worshipped Vehumet.
Vehumet was pleased with you.
You were not hungry.

You visited 1 branch You collected 30 gold pieces.

Inventory:

Hand Weapons
 c - a +3 quarterstaff of chaos (weapon)
Armour
 a - a +0 robe (worn)
 b - a +0 hat (worn)
 k - a +0 cloak (worn)
Wands
 s - a wand of enslavement (7)
Scrolls
 j - 2 scrolls of blinking
 n - 2 scrolls of torment {unknown}
 o - 3 scrolls of identify
 p - 2 scrolls of remove curse
Potions
 e - 3 potions of curing
 f - 2 potions of heal wounds
 g - a potion of haste
 h - 2 potions of magic
 i - a potion of berserk rage
 l - a potion of might
 m - 3 potions of mutation {unknown}
 q - a potion of degeneration {unknown}
Comestibles
 d - 4 rations
 r - a chunk of flesh


   Skills:
 + Level 0.8 Fighting
 + Level 3.1 Staves
 + Level 6.7 Dodging
 + Level 6.7 Stealth
 + Level 16.5 Spellcasting
 + Level 7.5 Conjurations
 + Level 3.9 Summonings
 + Level 1.1 Translocations
 + Level 1.1 Fire Magic
 + Level 0.6 Air Magic
 + Level 2.1 Poison Magic


You had 29 spell levels left.
You knew the following spells:

 Your Spells              Type           Power        Failure   Level  Hunger
a - Magic Dart            Conj           ####         1%          1    None
b - Blink                 Tloc           N/A          2%          2    None
c - Call Imp              Summ           #####...     1%          2    None
d - Conjure Flame         Conj/Fire      #####...     1%          3    None
e - Mephitic Cloud        Conj/Pois/Air  #####...     1%          3    None

Your spell library contained the following spells:

 Spells                   Type           Power        Failure   Level  Hunger
 Flame Tongue             Conj/Fire      #####        1%          1    None
 Slow                     Hex            ###.....     3%          2    None


Dungeon Overview and Level Annotations

Branches:
Dungeon (1/1)

Altars:
Dithmenos
Elyvilon
Kikubaaqudgha
Okawaru
Ru
Sif Muna
Trog
Uskayaw
Vehumet
Wu Jian
Yredelemnul
Zin
The Shining One
Beogh


Message History

The shadow flickers and vanishes!
Deactivating autopickup; reactivate with Ctrl-A.
Casting: Magic Dart (safe; 1% risk of failure)
Confirm with . or Enter, or press ? or * to list all spells.
Aiming: Magic Dart (safe; 1% risk of failure)
Press: ? - help, Shift-Dir - straight line The magic dart hits something but does no damage.
The shadow strikes at you from the darkness!
* * * LOW HITPOINT WARNING * * *
Reactivating autopickup.
Unknown command.
Casting: Magic Dart (safe; 1% risk of failure)
Confirm with . or Enter, or press ? or * to list all spells.
Aiming: Magic Dart (safe; 1% risk of failure)
Press: ? - help, Shift-Dir - straight line, f - shadow
Aim: a shadow (heavily damaged)
The magic dart hits the shadow.
The shadow is heavily damaged.
The shadow hits you!
You die...

▓▓▓
##.############
####..#___#___#__#
#..#..#..)#__)#†_#
#..#..###'#÷###)##
##'#..#..........#
###...'.⌠........#
###...#...######@#
##....#.⌠.# #.W.#
#.....#...# #...#
......#)### #...#
#.....#.:.# #..%+
##....#___# +...#
▓▓▓▓▓▓▓▓▓▓ ▓▓▓▓▓


You could see a shadow.

Vanquished Creatures
  A deep elf mage (D)
  2 humans (D)
  A necrophage (D)
  A water elemental (D)
  A jelly (D)
  Crazy Yiuf (D)
  A wizard (D)
  Jessica (D)
  A necromancer (D)
  A kobold demonologist (D)
  2 rats (D)
13 creatures vanquished.

Vanquished Creatures (collateral kills)
  A human (D)
1 creature vanquished.

Vanquished Creatures (others)
  2 draconian scorchers (D)
  6 hellions (D)
  A yaktaur (D)
9 creatures vanquished.

Grand Total: 23 creatures vanquished

Notes
Turn   | Place    | Note
-------+----------+-------------------------------------------
     0 | D        | Doot the Deep Elf Wizard began the quest for the Orb.
     0 | D        | Reached XP level 1. HP: 10/10 MP: 7/7
    72 | D        | Noticed Jessica
    78 | D        | Killed Jessica
    78 | D        | Reached skill level 7 in Spellcasting
    78 | D        | Reached XP level 2. HP: 11/15 MP: 1/12
   101 | D        | Killed a hellion
   101 | D        | Killed a hellion
   102 | D        | Killed a hellion
   102 | D        | Killed a hellion
   102 | D        | Killed a hellion
   103 | D        | Killed a hellion
   162 | D        | Learned a level 2 spell: Blink
   165 | D        | Learned a level 2 spell: Call Imp
   193 | D        | Reached skill level 8 in Spellcasting
   193 | D        | Reached XP level 3. HP: 19/19 MP: 6/14
   236 | D        | Killed a yaktaur
   257 | D        | Noticed Crazy Yiuf
   263 | D        | Learned a level 3 spell: Conjure Flame
   267 | D        | Learned a level 3 spell: Mephitic Cloud
   270 | D        | Killed a white draconian scorcher
   272 | D        | Killed a white draconian scorcher
   278 | D        | Killed Crazy Yiuf
   278 | D        | Reached skill level 9 in Spellcasting
   381 | D        | Noticed a water elemental
   386 | D        | Killed a water elemental
   386 | D        | Reached skill level 10 in Spellcasting
   386 | D        | Reached XP level 4. HP: 24/24 MP: 10/18
   438 | D        | Found a radiant altar of Vehumet.
   439 | D        | Found a shimmering blue altar of Sif Muna.
   439 | D        | Found an ancient bone altar of Kikubaaqudgha.
   439 | D        | Noticed a wizard
   447 | D        | Killed a wizard
   447 | D        | Reached skill level 5 in Dodging
   447 | D        | Reached skill level 11 in Spellcasting
   447 | D        | Reached XP level 5. HP: 14/28 MP: 14/20
   454 | D        | Became a worshipper of Vehumet
   628 | D        | Found a glowing silver altar of Zin.
   629 | D        | Found a glowing golden altar of the Shining One.
   629 | D        | Found a white marble altar of Elyvilon.
   630 | D        | Noticed a deep elf mage
   635 | D        | Killed a deep elf mage
   635 | D        | Reached skill level 15 in Spellcasting
   635 | D        | Reached skill level 1 in Poison Magic
   635 | D        | Reached XP level 6. HP: 33/33 MP: 16/26
   635 | D        | Reached XP level 7. HP: 37/37 MP: 16/27
   695 | D        | Found a hide-covered altar of Uskayaw.
   695 | D        | Found a roughly hewn altar of Beogh.
   695 | D        | Found an iron altar of Okawaru.
   695 | D        | Found a bloodstained altar of Trog.
   695 | D        | Found an ornate altar of the Wu Jian Council.
   695 | D        | Noticed a human
   695 | D        | Noticed a human
   703 | D        | Killed a human
   709 | D        | Killed a human
   709 | D        | Reached * piety under Vehumet
   709 | D        | Offered knowledge of Sandblast by Vehumet.
   709 | D        | Reached skill level 16 in Spellcasting
   814 | D        | Found a basalt altar of Yredelemnul.
   814 | D        | Found a shadowy altar of Dithmenos.
   814 | D        | Found a sacrificial altar of Ru.
   823 | D        | Reached skill level 1 in Fire Magic
   892 | D        | Reached ** piety under Vehumet
   892 | D        | Offered knowledge of Flame Tongue by Vehumet.
   892 | D        | Reached XP level 8. HP: 42/42 MP: 26/30
   915 | D        | Slain by a shadow

Levels and vault maps discovered:
D:        dungeon_sprint_mu [sprint_mu_entry_cave, sprint_mu_temple_rooms,
          sprint_mu_d1_spiders, sprint_mu_d2_genie, sprint_mu_d3_branching,
          sprint_mu_orc_legion, sprint_mu_elf_gauntlet, sprint_mu_hive_nellie,
          sprint_mu_lair_fedhas, sprint_mu_vaults_butterflies,
          sprint_mu_slime_circle, sprint_mu_swamp_cave, sprint_mu_snake_twists,
          sprint_mu_blade_basic, sprint_mu_crypt_fortress,
          sprint_mu_tomb_spiral, sprint_mu_vestibule_basic,
          sprint_mu_gehenna_hellfire, sprint_mu_dis_giant,
          sprint_mu_tartarus_statrot, sprint_mu_cocytus_islands, sprint_mu_zot1]

Skill      XL: |  1  2  3  4  5  6  7 |
---------------+----------------------+-----
Dodging        | 4 5 6 |  6.7
Stealth        | 3 4 6 |  6.7
Spellcasting   | 7 8 10 11 15 16 | 16.5
Conjurations   | 3 6 7 |  7.5
Summonings     | 2 3 |  3.9
Staves         | 2 3 |  3.1
Poison Magic   | 1 2 |  2.1
Fire Magic     | 1 |  1.1
Fighting       | |  0.8
Translocations | |  1.1
Air Magic      | |  0.6

Action                   |  1- 3 |  4- 6 |  7- 9 || total
-------------------------+-------+-------+-------++-------
Melee: Unarmed           |     2 |       |       ||     2
       Quarterstaff      |     1 |     7 |     1 ||     9
 Cast: Magic Dart        |    23 |     3 |    23 ||    49
       Call Imp          |     3 |       |       ||     3
       Conjure Flame     |     2 |     1 |     4 ||     7
       Mephitic Cloud    |     1 |     2 |     3 ||     6
Armor: Robe              |       |     1 |     1 ||     2
Dodge: Dodged            |     5 |       |     2 ||     7
